[Event "Titled Tuesday Blitz February 15 Late 2022"]
[White "Adewumi, Tanitoluwa"]
[Black "Pinto, Daniel"]
[WhiteFideId "30966396"]
[BlackFideId "3303144"]
[WhiteElo "2565"]
[BlackElo "1938"]
[Result "0-1"]
[Round "02"]
[TimeControl "180+1"]
[Date "2022.02.16"]
[WhiteClock "0:00:03"]
[BlackClock "0:00:06"]

1. d4 Nf6 2. Bf4 c5 3. e3 Qb6 4. Nc3 d6 5. Rb1 cxd4 6. exd4 Nc6 7. d5 Ne5 8. Bxe5 dxe5 9. Nf3 e4 10. Bb5+ Bd7 11. Bxd7+ Kxd7 12. Ne5+ Ke8 13. O-O e6 14. Re1 Bd6 15. Nc4 Bxh2+ 16. Kh1 Qc7 17. b3 Qf4 18. Re3 Ng4 19. Nxe4 Nxe3 20. Ned6+ Kf8 21. fxe3 Qh4 22. dxe6 Bxd6+ 23. Kg1 Bh2+ 24. Kf1 Qf6+ 25. Ke2 Qxe6 26. Qd4 Bc7 27. Qc5+ Qe7 28. Qd5 Rd8 29. Qxb7 g6 30. Rf1 Bb6 31. Qc6 Kg7 32. a4 Qe6 33. Qxe6 fxe6 34. a5 Bc5 35. c3 Rhf8 36. Ra1 Be7 37. Ne5 Rc8 38. Rc1 Bf6 39. Nc4 Rfd8 40. Rc2 Rd5 41. e4 Rg5 42. Kf3 Rf8 43. g3 Be5+ 44. Ke2 Bxg3 45. Kd3 Bc7 46. Re2 Rf3+ 47. Kd2 Rh3 48. e5 Rgg3 49. Kc2 Rxc3+ 50. Kd2 Rxb3 51. Rf2 Rhd3+ 52. Kc2 Rdc3+ 53. Kd2 Rxc4 54. Rf6 Bxa5+ 55. Ke2 Rc2+ 56. Kd1 Rd2+ 57. Kc1 Re3 58. Rxe6 Re1# 0-1


[Site "https://www.chess.com"]

[Event "Titled Tuesday Blitz February 15 Late 2022"]
[White "Al Mukhaini, Shima"]
[Black "Lavrik, Dmitry"]
[WhiteFideId "22005854"]
[BlackFideId "24113190"]
[WhiteElo "2386"]
[BlackElo "2369"]
[Result "0-1"]
[Round "02"]
[TimeControl "180+1"]
[Date "2022.02.16"]
[WhiteClock "0:00:10"]
[BlackClock "0:00:23"]

1. b3 e5 2. Bb2 Nc6 3. e3 d5 4. Bb5 Bd6 5. f4 f6 6. fxe5 fxe5 7. Nf3 Bg4 8. h3 Bh5 9. g4 Bg6 10. Nxe5 Qh4+ 11. Ke2 Be4 12. Nxc6 a6 13. Bxg7 axb5 14. Qe1 Qg5 15. Bxh8 bxc6 16. d3 Bxh1 17. Qxh1 O-O-O 18. Nd2 Re8 19. Nf1 h5 20. Qg2 Nh6 21. Bd4 Nf5 22. c3 c5 23. Qf2 hxg4 24. hxg4 Qxg4+ 25. Qf3 Qg5 26. Bxc5 Bxc5 27. d4 Bxd4 28. Rd1 Bxe3 29. Rxd5 Bb6+ 30. Kd1 Ne3+ 31. Nxe3 Qxe3 32. Qxe3 Rxe3 33. Rxb5 Rxc3 34. Kd2 Rh3 35. a4 Kb7 36. b4 Kc6 37. Rf5 Ra3 38. a5 Bd4 39. Kc2 Rc3+ 40. Kd2 Rb3 41. Kc2 Rxb4 42. Kd3 Ra4 43. Rf4 Kd5 44. Rf5+ Be5 45. Rf7 Rxa5 46. Rd7+ Bd6 47. Rh7 Ra3+ 48. Kc2 c5 49. Kb2 Rg3 50. Rh5+ Be5+ 51. Kc2 c4 52. Kd2 Rg2+ 53. Ke3 c3 54. Kd3 c2 55. Rh1 Bf4 56. Rh5+ Bg5 57. Rxg5+ Rxg5 58. Kxc2 Rg3 59. Kd2 Ke4 60. Ke2 Rg2+ 61. Kd1 Ra2 62. Kc1 Kd3 63. Kb1 Rg2 64. Kc1 Rh2 65. Kb1 Kc3 66. Ka1 Kb3 67. Kb1 Rh1# 0-1


[Site "https://www.chess.com"]

[Event "Titled Tuesday Blitz February 15 Late 2022"]
[White "Andreikin, Dmitry"]
[Black "Gelman, Alexander"]
[WhiteFideId "4158814"]
[BlackFideId "4118316"]
[WhiteElo "2736"]
[BlackElo "2375"]
[Result "1-0"]
[Round "02"]
[TimeControl "180+1"]
[Date "2022.02.15"]
[WhiteClock "0:01:41"]
[BlackClock "0:00:16"]

1. e4 c5 2. Nf3 e6 3. d4 cxd4 4. Nxd4 a6 5. Nc3 d6 6. a4 Nf6 7. Be3 Be7 8. f4 Nc6 9. Nb3 b6 10. g4 Bb7 11. g5 Nd7 12. Bg2 O-O 13. O-O Rc8 14. Rf3 g6 15. Rh3 Nc5 16. Qg4 Nb4 17. Nxc5 Rxc5 18. Bxc5 bxc5 19. Bf3 f5 20. Qh4 Rf7 21. exf5 Bxf3 22. fxe6 1-0


[Site "https://www.chess.com"]

[Event "Titled Tuesday Blitz February 15 Late 2022"]
[White "Ankerst, Mihael"]
[Black "Carreto Nieto, Giovanni"]
[WhiteFideId "14602369"]
[BlackFideId "5105030"]
[WhiteElo "2298"]
[BlackElo "2221"]
[Result "0-1"]
[Round "02"]
[TimeControl "180+1"]
[Date "2022.02.16"]
[WhiteClock "0:00:58"]
[BlackClock "0:00:26"]

1. e4 c5 2. d4 cxd4 3. Nf3 Nc6 4. Nxd4 g6 5. Nc3 Bg7 6. Be3 Nf6 7. Bc4 O-O 8. Bb3 d6 9. f3 Bd7 10. Qd2 Qa5 11. O-O-O Rfc8 12. Kb1 Ne5 13. Nd5 Qxd2 14. Rxd2 Nxd5 15. Bxd5 Nc4 16. Bxc4 Rxc4 17. b3 Rc3 18. Rd3 Rac8 19. Kb2 Rxc2+ 20. Kb1 Rxg2 21. Rc1 Rxc1+ 22. Bxc1 Rg1 23. Nc2 Bb5 24. Rd5 Be2 25. Nd4 Bd3+ 26. Kb2 Kf8 27. Be3 Rg2+ 28. Kc3 Ba6 29. Ra5 Rxh2 30. b4 Re2 31. Bg5 h6 32. Bc1 Bxd4+ 33. Kxd4 Rc2 34. Bxh6+ Ke8 35. b5 Rc5 36. a4 g5 37. Kd3 f6 38. f4 Kd7 39. fxg5 fxg5 40. Kd4 g4 41. Ke3 Kc7 42. Bf8 Re5 43. Bg7 Rc5 44. Bf8 Kb6 45. bxa6 Rxa5 46. axb7 Kxb7 47. Bxe7 Kc6 48. e5 dxe5 49. Bf6 Kd5 50. Bd8 Rxa4 51. Kf2 Ke4 52. Kg2 Ra3 53. Bg5 Rf3 54. Bd8 Kd3 55. Ba5 a6 56. Bb6 e4 57. Bc7 e3 58. Bb6 e2 59. Ba5 Kc2 60. Kh2 Kd1 61. Kg2 e1=Q 62. Bxe1 Kxe1 63. Kh1 a5 64. Kg2 a4 65. Kh2 a3 66. Kg2 a2 67. Kh2 Kd2 68. Kg2 Ke3 69. Kh2 a1=Q 70. Kg2 Qb2+ 71. Kh1 Qc1+ 72. Kg2 Qd2+ 73. Kg1 Qe1+ 74. Kh2 Qe2+ 75. Kh1 Rf1# 0-1


[Site "https://www.chess.com"]

[Event "Titled Tuesday Blitz February 15 Late 2022"]
[White "Antonova, Nadezhda"]
[Black "Papasimakopoulos, Alexandros"]
[WhiteFideId "14700182"]
[BlackFideId "4244125"]
[WhiteElo "1765"]
[BlackElo "2340"]
[Result "0-1"]
[Round "02"]
[TimeControl "180+1"]
[Date "2022.02.16"]
[WhiteClock "0:02:11"]
[BlackClock "0:02:30"]

1. Nf3 f5 2. d4 Nf6 3. g3 g6 4. Bg2 Bg7 5. O-O O-O 6. c4 d6 7. Nc3 e6 8. Re1 Ne4 9. Qc2 Nxc3 10. Qxc3 Nc6 11. e4 Nxd4 12. Nxd4 c5 13. Be3 cxd4 14. Bxd4 e5 15. Be3 f4 16. gxf4 exf4 17. Bd4 f3 18. Bxg7 Qg5 0-1


[Site "https://www.chess.com"]

[Event "Titled Tuesday Blitz February 15 Late 2022"]
[White "Antova, Gabriela"]
[Black "Goryachkina, Aleksandra"]
[WhiteFideId "2915235"]
[BlackFideId "4147103"]
[WhiteElo "2184"]
[BlackElo "2426"]
[Result "1-0"]
[Round "02"]
[TimeControl "180+1"]
[Date "2022.02.16"]
[WhiteClock "0:00:09"]
[BlackClock "0:00:02"]

1. d4 Nf6 2. c4 e6 3. Nf3 b6 4. a3 Bb7 5. Bf4 d6 6. Nc3 Ne4 7. Nxe4 Bxe4 8. e3 Nd7 9. Bd3 Bxd3 10. Qxd3 Be7 11. e4 O-O 12. O-O Qc8 13. b4 a5 14. d5 Bf6 15. Rab1 axb4 16. axb4 Qa6 17. Rfd1 Qa2 18. h4 Ra3 19. Qf1 Rc3 20. Nd2 Rc2 21. h5 h6 22. Qd3 Ne5 23. Bxe5 Bxe5 24. Rbc1 Rxc1 25. Rxc1 Ra8 26. g3 Ra3 27. Qc2 Qxc2 28. Rxc2 Bd4 29. Kg2 Kf8 30. Nf3 Bc3 31. b5 Ke7 32. Kf1 Bf6 33. Ke2 Ra1 34. Ne1 Kd7 35. g4 Be5 36. Nd3 Bd4 37. Rd2 Bc5 38. Nxc5+ bxc5 39. Rc2 e5 40. Ke3 Kc8 41. f3 Kb7 42. Rg2 f6 43. Rc2 Kb6 44. Kd3 Ka5 45. Rb2 Ra3+ 46. Ke2 Ra4 47. Kd3 Kb6 48. Rb3 Ra2 49. Ke3 Ka5 50. Kd3 Ka4 51. b6 Kxb3 52. b7 Ra3 53. b8=Q+ Ka2+ 54. Kd2 Rb3 55. Qxc7 1-0


[Site "https://www.chess.com"]

[Event "Titled Tuesday Blitz February 15 Late 2022"]
[White "Arabidze, Meri"]
[Black "Lopez Idarraga, Daniel Eduardo"]
[WhiteFideId "13604040"]
[BlackFideId "4405501"]
[WhiteElo "2329"]
[BlackElo "1993"]
[Result "1-0"]
[Round "02"]
[TimeControl "180+1"]
[Date "2022.02.16"]
[WhiteClock "0:02:39"]
[BlackClock "0:02:13"]

1. d4 d5 2. Nf3 Nf6 3. c4 c6 4. Nc3 e6 5. e3 Nbd7 6. Qc2 Bd6 7. Be2 dxc4 8. a4 O-O 9. O-O e5 10. Bxc4 exd4 11. exd4 h6 12. Re1 Re8 13. Bxh6 Nb6 14. Qg6 1-0


[Site "https://www.chess.com"]

[Event "Titled Tuesday Blitz February 15 Late 2022"]
[White "Araujo Filho, Luiz Antonio Coel"]
[Black "Le Goff, Ronan"]
[WhiteFideId "2130661"]
[BlackFideId "612073"]
[WhiteElo "2211"]
[BlackElo "2276"]
[Result "0-1"]
[Round "02"]
[TimeControl "180+1"]
[Date "2022.02.16"]
[WhiteClock "0:01:23"]
[BlackClock "0:02:35"]

1. d4 d5 2. Nf3 c6 3. e3 g6 4. Nbd2 Bg7 5. b3 Nf6 6. Bb2 O-O 7. Be2 a5 8. O-O a4 9. c4 a3 10. Bc3 Bg4 11. Rc1 Nbd7 12. Ne5 Bxe2 13. Qxe2 e6 14. f4 Re8 15. Ba1 Nb6 16. h3 Nc8 17. g4 Nd6 18. f5 exf5 19. gxf5 Nxf5 20. Rxf5 gxf5 21. Rf1 Qc8 22. Kh2 Qe6 23. Qh5 Nxh5 0-1


[Site "https://www.chess.com"]

[Event "Titled Tuesday Blitz February 15 Late 2022"]
[White "Baches Garcia, Guillermo"]
[Black "Chyngyz, Sultai"]
[WhiteFideId "2209764"]
[BlackFideId "13803158"]
[WhiteElo "2455"]
[BlackElo "1339"]
[Result "1-0"]
[Round "02"]
[TimeControl "180+1"]
[Date "2022.02.16"]
[WhiteClock "0:00:20"]
[BlackClock "0:00:30"]

1. e4 c5 2. Nf3 d6 3. d4 cxd4 4. Qxd4 Nc6 5. Bb5 Bd7 6. Qd3 a6 7. Bxc6 Bxc6 8. c4 Nf6 9. Nc3 g6 10. O-O Bg7 11. h3 O-O 12. Be3 Nd7 13. Nd4 Ne5 14. Qe2 Bd7 15. Rfd1 Nc6 16. Rac1 Nxd4 17. Bxd4 Bh6 18. Be3 Bg7 19. b4 Rc8 20. Nd5 Be6 21. Nb6 Rc6 22. c5 Qc7 23. Nd5 Qd8 24. Bg5 f6 25. Be3 f5 26. Bg5 Bxd5 27. exd5 Rc7 28. cxd6 Qxd6 29. Rxc7 Qxc7 30. Bxe7 Re8 31. Qe6+ Kh8 32. d6 Qc2 33. Re1 Qc6 34. d7 Qxe6 35. dxe8=Q+ Qg8 36. Qxg8+ Kxg8 37. a4 Bc3 38. Rd1 Kf7 39. Bc5 Ke6 40. Rd6+ Ke5 41. Rb6 a5 42. Rxb7 axb4 43. Bxb4 Bb2 44. a5 Ke4 45. a6 Bd4 46. a7 Bxa7 47. Rxa7 f4 48. Rxh7 g5 49. f3+ Kf5 50. Rh6 g4 51. fxg4+ Kg5 52. Rh5+ Kg6 53. Rf5 f3 54. gxf3 Kg7 55. Be1 Kg8 56. Kg2 Kg7 57. h4 Kg8 58. h5 Kg7 59. Bd2 Kh7 60. g5 Kg7 61. Ra5 Kh7 62. f4 Kg7 63. f5 Kh7 64. Kg3 Kg7 65. Ra7+ Kf8 66. h6 Kg8 67. g6 Kh8 68. f6 Kg8 69. Kg4 Kh8 70. Bg5 Kg8 71. Kf5 Kf8 72. Ke6 Ke8 73. Ra8# 1-0


[Site "https://www.chess.com"]

[Event "Titled Tuesday Blitz February 15 Late 2022"]
[White "Barp, Alberto"]
[Black "Jones, Gawain C B"]
[WhiteFideId "872555"]
[BlackFideId "409561"]
[WhiteElo "2229"]
[BlackElo "2657"]
[Result "1/2-1/2"]
[Round "02"]
[TimeControl "180+1"]
[Date "2022.02.15"]
[WhiteClock "0:00:18"]
[BlackClock "0:00:17"]

1. d4 Nf6 2. c4 g6 3. g3 Bg7 4. Bg2 c5 5. Nf3 O-O 6. O-O d6 7. Nc3 Nc6 8. dxc5 dxc5 9. Bf4 Be6 10. Ne5 Nxe5 11. Bxe5 Qc8 12. Qb3 Bh3 13. Qxb7 Qxb7 14. Bxb7 Bxf1 15. Bxa8 Bxe2 16. Nxe2 Rxa8 17. Rd1 Ne4 18. Bxg7 Kxg7 19. Rd7 Kf6 20. b3 a5 21. Rc7 a4 22. f3 axb3 23. axb3 Ra1+ 24. Kg2 Ra2 25. fxe4 Rxe2+ 26. Kf3 Rb2 27. Rxc5 Rxb3+ 28. Kf4 Rc3 29. Rc6+ e6 30. e5+ Ke7 31. Rc7+ Ke8 32. h4 h6 33. Kg4 Re3 34. Kf4 Re1 35. g4 g5+ 36. hxg5 Rf1+ 37. Kg3 hxg5 38. Rc8+ Kd7 39. Rg8 Rc1 40. Rxg5 Rc3+ 41. Kf4 Rxc4+ 42. Kf3 Rc8 43. Rg7 Ke7 44. g5 Rc3+ 45. Kf4 Rc4+ 46. Kf3 Kf8 47. Rh7 Kg8 48. Rh6 Kg7 49. Rf6 Rc5 50. Kf4 Ra5 51. g6 Ra4+ 52. Kg5 fxg6 53. Rxe6 Kf7 54. Rf6+ Ke7 55. Rxg6 Ra1 56. Rb6 Rf1 57. Rf6 Re1 58. Kf5 Rf1+ 59. Ke4 Rxf6 60. exf6+ Kxf6 1/2-1/2


[Site "https://www.chess.com"]

[Event "Titled Tuesday Blitz February 15 Late 2022"]
[White "Batsiashvili, Nino"]
[Black "Dovbnia, Nikita"]
[WhiteFideId "13602993"]
[BlackFideId "54104599"]
[WhiteElo "2230"]
[BlackElo "2111"]
[Result "1-0"]
[Round "02"]
[TimeControl "180+1"]
[Date "2022.02.16"]
[WhiteClock "0:00:59"]
[BlackClock "0:00:21"]

1. d4 Nf6 2. c4 e6 3. Nc3 d5 4. Nf3 Be7 5. Bf4 c6 6. e3 Nbd7 7. Rc1 O-O 8. h3 h6 9. a3 Re8 10. c5 b6 11. b4 a5 12. b5 Bb7 13. cxb6 Qxb6 14. Na4 Qd8 15. bxc6 Bxc6 16. Rxc6 Bxa3 17. Bd3 Bb4+ 18. Ke2 Ne4 19. Qc2 Ndf6 20. Rc1 Qd7 21. Rc7 Qd8 22. Qc6 Rb8 23. Kf1 Nd2+ 24. Nxd2 Bxd2 25. Rb1 Bb4 26. Kg1 g5 27. Be5 Kg7 28. Nc5 Bxc5 29. Rxb8 Qxb8 30. Rxf7+ Kxf7 31. Bxb8 Be7 32. Bd6 Bxd6 33. Qxd6 a4 34. Qa6 Ne4 35. Bxe4 dxe4 36. Qxa4 1-0


[Site "https://www.chess.com"]

[Event "Titled Tuesday Blitz February 15 Late 2022"]
[White "Bettalli, Francesco"]
[Black "Desideri, Ricardo Maruchi"]
[WhiteFideId "2816453"]
[BlackFideId "2110440"]
[WhiteElo "2216"]
[BlackElo "1945"]
[Result "1-0"]
[Round "02"]
[TimeControl "180+1"]
[Date "2022.02.16"]
[WhiteClock "0:00:56"]
[BlackClock "0:00:15"]

1. d4 Nf6 2. Nc3 g6 3. e4 c5 4. e5 cxd4 5. Qxd4 Nc6 6. Qf4 Nh5 7. Qe3 Qa5 8. f4 Ng7 9. Nf3 Nf5 10. Qf2 e6 11. Bd2 Bc5 12. Qe2 Qb6 13. O-O-O Nfd4 14. Nxd4 Bxd4 15. Nb5 Bxb2+ 16. Kxb2 a6 17. Be3 Qxb5+ 18. Qxb5 axb5 19. Bxb5 O-O 20. Bc5 Re8 21. a4 b6 22. Bxb6 Rb8 23. Bc7 Rb7 24. Bd6 Na7 25. c4 Nxb5 26. cxb5 Ra7 27. Kb3 Bb7 28. Rhg1 Bd5+ 29. Rxd5 exd5 30. Bc5 Rc7 31. Kb4 Rec8 32. Rc1 d4 33. b6 Rb7 34. a5 d3 35. Rd1 d6 36. exd6 Re8 37. a6 Rbb8 38. a7 Rb7 39. Kb5 Kg7 40. Ka6 Rd7 41. b7 Re2 42. a8=Q Ra2+ 43. Kb6 1-0


[Site "https://www.chess.com"]

[Event "Titled Tuesday Blitz February 15 Late 2022"]
[White "Bok, Benjamin"]
[Black "Tregubov, Pavel V."]
[WhiteFideId "1017063"]
[BlackFideId "4115341"]
[WhiteElo "2840"]
[BlackElo "2582"]
[Result "1-0"]
[Round "02"]
[TimeControl "180+1"]
[Date "2022.02.16"]
[WhiteClock "0:00:13"]
[BlackClock "0:00:03"]

1. d4 Nf6 2. c4 e6 3. Nf3 Bb4+ 4. Nbd2 O-O 5. a3 Be7 6. e4 d6 7. Be2 Nbd7 8. Qc2 e5 9. Nb1 Re8 10. Nc3 exd4 11. Nxd4 Nc5 12. f3 a5 13. O-O c6 14. Be3 a4 15. Rad1 Qc7 16. Kh1 Bf8 17. Rd2 g6 18. Rfd1 Bd7 19. Bf1 Bg7 20. Nde2 Bf8 21. Bd4 Qd8 22. Bxc5 dxc5 23. f4 Re7 24. Ng3 Qc7 25. e5 Ng4 26. Qd3 Bh6 27. Qf3 Be6 28. Nce4 Bg7 29. h3 Nh6 30. Nxc5 Nf5 31. Nge4 Rf8 32. g4 Nh6 33. Qg3 Bc8 34. Bg2 b6 35. Nxa4 f5 36. exf6 Bxf6 37. Nxf6+ Rxf6 38. Rd8+ Rf8 39. Rxf8+ Kxf8 40. Nc3 Nf7 41. Qf2 Be6 42. b3 Re8 43. Ne4 Qe7 44. Qb2 Bc8 45. Nf6 Rd8 46. Nxh7+ Kg8 47. Nf6+ Kf8 48. Rxd8+ Qxd8 49. Ne4 Qd1+ 50. Kh2 Be6 51. Qf6 Bd7 52. Ng5 Be8 53. Ne6+ 1-0


[Site "https://www.chess.com"]

[Event "Titled Tuesday Blitz February 15 Late 2022"]
[White "Bolanos, Fernando"]
[Black "Villegas, Pierre"]
[WhiteFideId "3304094"]
[BlackFideId "654183"]
[WhiteElo "2019"]
[BlackElo "2410"]
[Result "0-1"]
[Round "02"]
[TimeControl "180+1"]
[Date "2022.02.16"]
[WhiteClock "0:01:55"]
[BlackClock "0:01:14"]

1. e4 c6 2. Nf3 d5 3. Nc3 b5 4. exd5 b4 5. Ne2 cxd5 6. d4 e6 7. Ng3 Nf6 8. Bb5+ Bd7 9. Bxd7+ Nbxd7 10. O-O Be7 11. Ne5 Nxe5 12. dxe5 Nd7 13. f4 g6 14. Kh1 O-O 15. Be3 Qc7 16. Rf2 Rfc8 17. Qg4 a5 18. Raf1 a4 19. h4 Qc4 20. b3 Qc3 21. Bc1 Qd4 22. h5 Nxe5 23. Qh3 Nd7 24. f5 exf5 25. Nxf5 gxf5 26. Rxf5 Qh4 27. Rxf7 Qxh3+ 28. gxh3 Rf8 29. Rxf8+ Nxf8 30. Re1 axb3 31. axb3 Ra1 32. Bd2 Rxe1+ 33. Bxe1 Kg7 34. Kg2 Kf6 35. Kf3 Kf5 36. Ke3 Ne6 37. Bg3 Bc5+ 38. Kd3 Nf4+ 39. Kd2 Nxh3 40. h6 Ng5 41. Kd3 Nf7 42. Be1 Nxh6 43. c3 bxc3 44. Bxc3 Ng4 45. b4 Bb6 46. b5 Ne5+ 47. Kc2 d4 48. Be1 Ke4 49. Kb3 d3 50. Ka4 Nf3 51. Bc3 h5 52. Kb4 h4 53. Kc4 h3 54. Be1 Nxe1 55. Kc3 Nf3 56. Kb2 h2 57. Kc3 h1=Q 58. Kb4 Qb1+ 59. Kc4 Qc2+ 60. Kb4 Qc5+ 61. Ka4 Qc4+ 62. Ka3 Bc5+ 63. Kb2 Qc2+ 64. Ka1 Bd4# 0-1


[Site "https://www.chess.com"]

[Event "Titled Tuesday Blitz February 15 Late 2022"]
[White "Bon, Michael"]
[Black "Vine, Elzbieta"]
[WhiteFideId "620696"]
[BlackFideId "1119320"]
[WhiteElo "2439"]
[BlackElo "1821"]
[Result "1-0"]
[Round "02"]
[TimeControl "180+1"]
[Date "2022.02.16"]
[WhiteClock "0:01:13"]
[BlackClock "0:00:24"]

1. e4 c5 2. Nf3 d6 3. d4 cxd4 4. Nxd4 Nf6 5. Nc3 a6 6. Bg5 e5 7. Nf5 Bxf5 8. exf5 Nbd7 9. g3 h6 10. Be3 Be7 11. Bg2 Qc7 12. a4 O-O 13. O-O Nb6 14. h3 Rfd8 15. Bxb6 Qxb6 16. b3 Rac8 17. Nd5 Nxd5 18. Bxd5 Qc7 19. c4 b6 20. Qh5 Bf6 21. Rae1 Rd7 22. h4 Qc5 23. g4 b5 24. axb5 axb5 25. g5 bxc4 26. bxc4 Bd8 27. gxh6 gxh6 28. Qg6+ Kf8 29. Qxh6+ Ke8 30. Qh8+ Ke7 31. f6# 1-0


[Site "https://www.chess.com"]

[Event "Titled Tuesday Blitz February 15 Late 2022"]
[White "Bugayev, Vladimir"]
[Black "Bluebaum, Matthias"]
[WhiteFideId "30901480"]
[BlackFideId "24651516"]
[WhiteElo "2417"]
[BlackElo "2550"]
[Result "0-1"]
[Round "02"]
[TimeControl "180+1"]
[Date "2022.02.16"]
[WhiteClock "0:00:19"]
[BlackClock "0:00:37"]

1. e4 c6 2. d4 d5 3. exd5 cxd5 4. Bd3 Nc6 5. c3 Nf6 6. Bf4 Bg4 7. Qb3 Qd7 8. Nd2 e6 9. Ngf3 Bd6 10. Bxd6 Qxd6 11. O-O O-O 12. Rae1 Rab8 13. Ne5 Bh5 14. f4 b5 15. a3 Rfc8 16. Ndf3 a5 17. Nxc6 Qxc6 18. Ne5 Qb6 19. Qc2 b4 20. axb4 axb4 21. g4 bxc3 22. bxc3 Bg6 23. Nxg6 hxg6 24. f5 exf5 25. gxf5 g5 26. Re3 Qb2 27. Qxb2 Rxb2 28. Rc1 Ra8 29. c4 dxc4 30. Bxc4 Kf8 31. d5 Rc8 32. d6 Rb6 33. Re7 Rxd6 34. Rxf7+ Ke8 35. Rxg7 Rc5 36. Rxg5 Kf8 37. Rg2 Rd4 38. Rgc2 Rg4+ 39. Kh1 Ne4 40. Bd3 Nf2+ 41. Rxf2 Rxc1+ 42. Rf1 Rc3 43. Rd1 Rd4 44. Be2 Rxd1+ 45. Bxd1 Rc1 46. Kg2 Rxd1 47. Kf3 Rd5 48. Kg4 Ra5 49. Kg5 Kf7 50. h4 Ra1 51. h5 Rg1+ 52. Kf4 Kf6 0-1


[Site "https://www.chess.com"]

[Event "Titled Tuesday Blitz February 15 Late 2022"]
[White "Burke, Paul"]
[Black "Mogranzini, Roberto"]
[WhiteFideId "2605767"]
[BlackFideId "810894"]
[WhiteElo "1827"]
[BlackElo "2469"]
[Result "0-1"]
[Round "02"]
[TimeControl "180+1"]
[Date "2022.02.16"]
[WhiteClock "0:00:01"]
[BlackClock "0:00:32"]

1. e4 c5 2. d4 cxd4 3. c3 Nf6 4. Bd3 Nc6 5. Nf3 d5 6. e5 Ne4 7. O-O Bg4 8. Bf4 e6 9. Nbd2 Nxd2 10. Bxd2 Nxe5 11. Qa4+ Nd7 12. Ne5 Bd6 13. Nxg4 Qh4 14. f3 h5 15. Be1 Qg5 16. Nf2 a6 17. Qd1 dxc3 18. bxc3 Ne5 19. Be2 Ng6 20. Nh3 Qe5 21. Bg3 Bc5+ 22. Kh1 Qf6 23. f4 h4 24. Bf2 Bxf2 25. Rxf2 Ne7 26. Qd4 Qh6 27. f5 Nxf5 28. Rxf5 exf5 29. Qe5+ Kf8 30. Qxd5 Kg8 31. Bf3 Rf8 32. Qxb7 Qd2 33. Rf1 Rh6 34. Qb4 a5 35. Qf4 Qxc3 0-1


[Site "https://www.chess.com"]

[Event "Titled Tuesday Blitz February 15 Late 2022"]
[White "Celestino, Rafael Teixeira"]
[Black "Brunner, Nicolas"]
[WhiteFideId "2108925"]
[BlackFideId "620246"]
[WhiteElo "2295"]
[BlackElo "2372"]
[Result "0-1"]
[Round "02"]
[TimeControl "180+1"]
[Date "2022.02.16"]
[WhiteClock "0:00:02"]
[BlackClock "0:00:40"]

1. e4 e5 2. Nf3 Nc6 3. Bc4 Nf6 4. Ng5 d5 5. exd5 Na5 6. Bb5+ c6 7. dxc6 bxc6 8. Qf3 Be7 9. Bxc6+ Nxc6 10. Qxc6+ Bd7 11. Qc4 O-O 12. O-O Rc8 13. Qb3 h6 14. Nf3 e4 15. Ne5 Be6 16. Qa4 Qd5 17. d4 exd3 18. Nxd3 Qc4 19. Qxc4 Rxc4 20. Nc3 Rfc8 21. Bd2 Nd5 22. Nxd5 Bxd5 23. c3 Rb8 24. Rfe1 Bf6 25. Bf4 Rb7 26. Re8+ Kh7 27. Be5 Re4 28. f4 Re2 29. Kf1 Rxg2 30. Bxf6 gxf6 31. Nb4 Rxh2 32. Rae1 Be6 33. f5 Bxf5 34. R1e7 Rxe7 35. Rxe7 Kg6 36. b3 a5 37. Nc6 Rxa2 38. Ra7 Rb2 39. b4 axb4 40. cxb4 h5 41. Rb7 Bd3+ 42. Kg1 Be4 43. Ne7+ Kg5 44. Rb5+ f5 45. Nc8 h4 46. Nd6 Kf4 47. Nc4 Rb1+ 48. Kh2 Rh1# 0-1


[Site "https://www.chess.com"]

[Event "Titled Tuesday Blitz February 15 Late 2022"]
[White "Chigaev, Maksim"]
[Black "Hambleton, Aman"]
[WhiteFideId "4108116"]
[BlackFideId "2606577"]
[WhiteElo "2502"]
[BlackElo "2552"]
[Result "1-0"]
[Round "02"]
[TimeControl "180+1"]
[Date "2022.02.15"]
[WhiteClock "0:00:05"]
[BlackClock "0:00:01"]

1. c4 c5 2. Nf3 b6 3. Nc3 Bb7 4. e4 e6 5. Bd3 d6 6. O-O Nf6 7. Re1 Be7 8. Bc2 a6 9. b3 Nbd7 10. d4 cxd4 11. Nxd4 O-O 12. Bb2 Rc8 13. Kh1 Re8 14. f4 Qc7 15. Qf3 Bf8 16. Rad1 g6 17. Qh3 h5 18. Qg3 Bg7 19. h3 e5 20. Nde2 exf4 21. Qxf4 Ne5 22. Bb1 Qe7 23. a4 Nfd7 24. Nd4 Nc5 25. Ba3 Rcd8 26. Qg3 Kh7 27. b4 Ne6 28. Nd5 Bxd5 29. Nf5 Qf6 30. exd5 gxf5 31. dxe6 fxe6 32. Bb2 Qg6 33. Qb3 a5 34. bxa5 bxa5 35. Bc3 Rb8 36. Qa2 Rb6 37. c5 Rc6 38. Rxd6 Rxc5 39. Bd4 Rd5 40. Rxd5 exd5 41. Qxd5 Re7 42. Bxe5 Rxe5 43. Rxe5 Bxe5 44. Qxe5 1-0


[Site "https://www.chess.com"]

[Event "Titled Tuesday Blitz February 15 Late 2022"]
[White "Coelho, Ramyres Santana"]
[Black "Degardin, Sylvain"]
[WhiteFideId "2120690"]
[BlackFideId "20623070"]
[WhiteElo "1888"]
[BlackElo "2156"]
[Result "0-1"]
[Round "02"]
[TimeControl "180+1"]
[Date "2022.02.16"]
[WhiteClock "0:00:58"]
[BlackClock "0:01:57"]

1. e4 c5 2. Nf3 d6 3. d4 cxd4 4. Nxd4 Nf6 5. Nc3 a6 6. f3 e5 7. Nb3 Be6 8. Be3 h5 9. Qd2 Be7 10. O-O-O Nbd7 11. h3 h4 12. f4 Qc7 13. f5 Bc4 14. Nd5 Bxd5 15. exd5 a5 16. a4 Ne4 17. Qe1 Rc8 18. Bd3 Ndc5 19. Bxc5 Nxc5 20. Bb5+ Kf8 21. Nxc5 Qxc5 22. c4 Bf6 23. Qxa5 Rh5 24. Kb1 Rg5 25. b4 Qe3 26. Rhe1 Qb3+ 27. Kc1 Rxg2 28. Rd2 Qc3+ 29. Kb1 Rxd2 0-1


[Site "https://www.chess.com"]

[Event "Titled Tuesday Blitz February 15 Late 2022"]
[White "Cori T., Deysi"]
[Black "Kravtsiv, Martyn"]
[WhiteFideId "3801934"]
[BlackFideId "14113147"]
[WhiteElo "2350"]
[BlackElo "2694"]
[Result "0-1"]
[Round "02"]
[TimeControl "180+1"]
[Date "2022.02.15"]
[WhiteClock "0:00:09"]
[BlackClock "0:00:11"]

1. d4 Nf6 2. Nf3 e6 3. e3 Be7 4. Bd3 O-O 5. O-O c5 6. c4 cxd4 7. exd4 d5 8. Nc3 Nc6 9. a3 dxc4 10. Bxc4 b6 11. Qe2 Bb7 12. Rd1 Rc8 13. Ba2 Qc7 14. Bg5 Rfd8 15. Rac1 Re8 16. Ne5 Bf8 17. Nb5 Qb8 18. Bf4 Qa8 19. f3 Ba6 20. a4 Nb4 21. Bb1 Nbd5 22. Bg3 g6 23. Re1 Rxc1 24. Rxc1 Rc8 25. Re1 Qb7 26. Bd3 Bb4 27. Rd1 Qe7 28. Nc4 Bxb5 29. axb5 Nh5 30. Qe4 Nxg3 31. hxg3 Nf6 32. Qe5 Rd8 33. Be4 Nh5 34. Bc6 Bd6 35. Nxd6 Qxd6 36. Qxd6 Rxd6 37. Kf2 Nf6 38. Ke3 a5 39. Rc1 Kf8 40. Bb7 Ke7 41. Rc8 Rd8 42. Rc2 Rd7 43. Bc6 Rc7 44. Re2 Kd6 45. Kd3 Nd5 46. Ke4 Nb4 47. Be8 f6 48. Kf4 g5+ 49. Kg4 Rc2 50. Rxc2 Nxc2 51. Kh5 Nxd4 52. Kh6 Ke7 53. Bc6 Nf5+ 54. Kxh7 Nxg3 55. Kg6 Nf5 56. g4 Nh4+ 57. Kg7 Ng2 58. Bb7 Nf4 59. Bc6 Nd3 60. Kh6 Nxb2 61. Kg6 a4 62. Be4 a3 63. Bb1 Nd1 64. f4 gxf4 65. g5 fxg5 66. Kxg5 Nc3 0-1


[Site "https://www.chess.com"]

[Event "Titled Tuesday Blitz February 15 Late 2022"]
[White "Csonka, Balazs"]
[Black "Slugin, Sergey"]
[WhiteFideId "742910"]
[BlackFideId "4122569"]
[WhiteElo "2404"]
[BlackElo "2358"]
[Result "1-0"]
[Round "02"]
[TimeControl "180+1"]
[Date "2022.02.16"]
[WhiteClock "0:00:40"]
[BlackClock "0:00:06"]

1. d4 Nf6 2. Nf3 g6 3. c4 Bg7 4. Nc3 d6 5. e4 O-O 6. Be2 e5 7. O-O Nc6 8. dxe5 dxe5 9. Bg5 Be6 10. Qxd8 Raxd8 11. Nd5 Bxd5 12. cxd5 Nd4 13. Nxd4 exd4 14. Bd3 h6 15. Bf4 Rd7 16. Rac1 Rc8 17. Bb5 Re7 18. f3 Nh5 19. Bd6 cxd6 20. Rxc8+ Kh7 21. Rfc1 a6 22. Bf1 d3 23. Bxd3 Bd4+ 24. Kf1 Nf4 25. Be2 Bb6 26. g3 Nh3 27. Rb8 f5 28. Bxa6 Be3 29. Rc3 Bd4 30. Rxb7 Rxb7 31. Bxb7 Bxc3 32. bxc3 fxe4 33. a4 Ng5 34. a5 Nxf3 35. a6 Nd2+ 36. Ke2 Nc4 37. a7 Nb6 38. Ke3 Na8 39. Bxa8 1-0


[Site "https://www.chess.com"]